 Dungeon Crawl Stone Soup version 0.24-a0-512-g2b48af375b (webtiles) character file.

Game seed: 368490920772115974

79 Bapho the Shooter (level 4, 0/36 HPs)
             Began as a Centaur Hunter on July 20, 2019.
             Slain by a goblin
             ... wielding a +0 dagger
             ... led by Robin
              (1 damage)
             ... on level 3 of the Dungeon.
             The game lasted 00:04:01 (2361 turns).

Bapho the Shooter (Centaur Hunter)                  Turns: 2361, Time: 00:04:02

Health: 0/36       AC:  4    Str: 15    XL:     4   Next: 16%
Magic:  4/4        EV:  9    Int: 10    God:
Gold:   78         SH:  0    Dex: 10    Spells: 3/3 levels left

rFire    . . .     SeeInvis .   b - -3 mace (curse)
rCold    . . .     Gourm    .   (no shield)
rNeg     . . .     Faith    .   c - +0 leather armour
rPois    .         Spirit   .   (no helmet)
rElec    .         Reflect  .   (no cloak)
rCorr    .         Harm     .   (no gloves)
MR       .....                  (no barding)
Stlth    ++........             (no amulet)
HPRegen  0.12/turn              i - ring of stealth
MPRegen  0.09/turn              (no ring)

@: very quick
A: large, hooves 3, deformed body, speed 2, tough skin 3
a: no special abilities


You were on level 3 of the Dungeon.
You were not hungry.

You visited 1 branch of the dungeon, and saw 3 of its levels.

You collected 78 gold pieces.

Inventory:

Hand Weapons
 a - a +1 shortbow
 b - a cursed -3 mace (weapon)
 h - a +0 short sword
Missiles
 d - 51 arrows
Armour
 c - a +0 leather armour (worn)
Jewellery
 i - a ring of stealth (left hand)
Comestibles
 f - 4 rations


   Skills:
 - Level 2.0 Fighting
 + Level 7.6 Bows
 - Level 1.3 Dodging
 - Level 0.4 Stealth


You had 3 spell levels left.
You didn't know any spells.
Your spell library was empty.

Dungeon Overview and Level Annotations

Branches:
Dungeon (3/15)

Altars:

Annotations:
D:3 Robin


Innate Abilities, Weirdness & Mutations

You have hooves in place of feet.
Armour fits poorly on your strangely shaped body.
You cover ground very quickly.
You have extremely tough skin. (AC +3)


Message History

You hit Robin but do no damage.
Robin is heavily wounded.
Robin hits you with a +0 trident.
* * * LOW HITPOINT WARNING * * *
You aren't carrying any potions.
Unknown command.
You aren't carrying any potions.
You hit Robin but do no damage.
Robin is heavily wounded.
Robin barely misses you. Robin closely misses you.
You closely miss Robin.
Robin is heavily wounded.
Robin hits you but does no damage. Robin hits you but does no damage.
Things that are here:
a bat corpse; a goblin corpse; a hobgoblin corpse
Found a scroll of identify.
There is a stone staircase leading down here.
The goblin hits you with a +0 dagger.
You die...

#..#g.# #...g.#
#..#g## #### #..#.#
#.. #####..#.# #.#
#.........#######.#
..#.#...#.†gg.....####
#. ##g.####..........
# #@.#####.#####.###
#.#.†gg...# #<#
#.######### #.# #. #.#
#. #.# #? #.# ## #.#
#.# #.#


You could see Robin, a hobgoblin and a goblin.

Vanquished Creatures
  2 worms (D:2)
  2 dart slugs
  2 leopard geckos (D:2)
  10 bats
  2 giant cockroaches
  7 hobgoblins
  2 jackals (D:2)
  5 kobolds
  A quokka (D:2)
  6 frilled lizards
  12 goblins
  11 rats
62 creatures vanquished.

Notes
Turn   | Place    | Note
-------+----------+-------------------------------------------
     0 | D:1      | Bapho the Centaur Hunter began the quest for the Orb.
     0 | D:1      | Reached XP level 1. HP: 17/17 MP: 1/1
   165 | D:1      | Reached skill level 6 in Bows
   165 | D:1      | Reached XP level 2. HP: 23/24 MP: 2/2
   806 | D:1      | Reached XP level 3. HP: 29/29 MP: 3/3
  1270 | D:2      | Reached skill level 7 in Bows
  2258 | D:3      | Noticed Robin
  2274 | D:3      | Reached XP level 4. HP: 28/36 MP: 4/4
  2351 | D:3      | HP: 1/36 [Robin/+0 trident (4)]
  2361 | D:3      | Slain by a goblin

Levels and vault maps discovered:
D:1:      dpeg_arrival_shrine, layout_basic, item_on_display_a
D:2:      layout_rooms, first_ration
D:3:      layout_loops_ring, marbit_many_paths, uniq_robin

Skill      XL: |  1  2  3 |
---------------+----------+-----
Bows           | 6 7 |  7.6
Fighting       | |  2.0
Dodging        | |  1.3
Stealth        | |  0.4

Action                   |  1- 3 |  4- 6 || total
-------------------------+-------+-------++-------
Melee: Mace              |   163 |    54 ||   217
       Kick              |    33 |     3 ||    36
 Fire: Shortbow          |    30 |       ||    30
  Use: Scroll            |     5 |       ||     5
       Potion            |       |     3 ||     3
  Eat: Chunk             |     4 |       ||     4
Armor: Leather armour    |    62 |    13 ||    75
       Skin              |       |    89 ||    89
Dodge: Dodged            |   102 |    21 ||   123

Table legend:
 A = Non-vault XP
 B = Vault XP
 C = Vault XP percentage of total XP
 D = Non-vault monster count
 E = Vault monster count
 F = Vault count percentage of total count
                 A         B        C        D         E       F
            +---------+---------+-------+---------+---------+-------
      Total |      95 |      18 |  15.9 |      52 |      10 |  16.1
            +---------+---------+-------+---------+---------+-------
        D:1 |      50 |       0 |   0.0 |      32 |       0 |   0.0
        D:2 |      43 |       0 |   0.0 |      19 |       0 |   0.0
        D:3 |       2 |      18 |  90.0 |       1 |      10 |  90.9
            +---------+---------+-------+---------+---------+-------
